 Dungeon Crawl Stone Soup version 0.30-a0-743-gbfdf073431 (webtiles) character file.

Game seed: 5628416844298920444

46034 Leeroy the Fencer (level 14, -1/67 HPs)
             Began as a Vine Stalker Warper on Feb 6, 2023.
             Was a Follower of Uskayaw.
             Shot with a sling bullet by a faun (19 damage)
             ... on level 1 of the Shoals.
             The game lasted 00:34:22 (16689 turns).

Leeroy the Fencer (Vine Stalker Warper)            Turns: 16689, Time: 00:34:23

Health: -1/67      AC: 11    Str: 16    XL:     14   Next: 35%
Magic:  0/41       EV: 15    Int: 13    God:    Uskayaw [*.....]
Gold:   729        SH:  0    Dex: 17    Spells: 30/39 levels left

rFire   . . .      SeeInvis .    h - +6 double sword (elec)
rCold   . . .      Faith    .    (no shield)
rNeg    . . .      Spirit   +    D - +1 ring mail "Zoteuc Waruh" {Will+ Stlth+}
rPois   .          Reflect  .    W - +2 hat
rElec   .          Harm     .    N - +2 cloak
rCorr   .          Rampage  .    (no gloves)
Will    +....                    (no boots)
Stlth   ++                       w - amulet of regeneration
HPRegen 1.91/turn                e - ring of wizardry
MPRegen 0.27/turn                G - ring of magical power

@: weak-willed
A: fangs 3, regeneration 1, magic shield, antimagic bite, no potion heal 2
a: Renounce Religion, Stomp


You were on level 1 of the Shoals.
You worshipped Uskayaw.
Uskayaw was noncommittal.
You visited 4 branches of the dungeon, and saw 18 of its levels.
You also visited: Volcano.

You collected 974 gold pieces.
You spent 245 gold pieces at shops.

Inventory:

Hand Weapons
 h - a +6 double sword of electrocution (weapon)
 C - a +1 scimitar of flaming
 H - a +2 dagger of speed
 I - a +1 dagger of draining
 J - a +2 long sword of freezing
 M - a +0 falchion of draining
 S - a +0 great sword
 Y - a +3 falchion of holy wrath
Missiles
 d - 6 boomerangs of dispersal
 k - 6 javelins (quivered)
 o - 2 curare-tipped darts
 t - 3 throwing nets
 u - 39 poisoned darts
 y - a silver boomerang
 K - 6 boomerangs
Armour
 b - the +0 leather armour "Ytsuha" {rF+}
   (You found it on level 10 of the Dungeon)

   rF:        It protects you from fire.
 B - a +0 leather armour of cold resistance
 D - the +1 ring mail "Zoteuc Waruh" (worn) {Will+ Stlth+}
   (You found it on level 5 of the Dungeon)

   Will:      It increases your willpower.
   Stlth:     It makes you more stealthy.
 N - a +2 cloak (worn)
 O - a +2 robe of cold resistance
 R - a +0 robe of the Archmagi
 W - a +2 hat (worn)
Jewellery
 e - a ring of wizardry (left hand)
 i - an amulet of faith
 w - an amulet of regeneration (around neck)
 G - a ring of magical power (right hand)
 T - the ring "Anunwuw" {rElec rN+ Will- Str+6}
   (You found it on level 5 of the Lair of Beasts)

   [ring of positive energy]

   Str:       It affects your strength (+6).
   rElec:     It insulates you from electricity.
   rN:        It protects you from negative energy.
   Will:      It decreases your willpower.
 X - a ring of willpower
Wands
 r - a wand of roots (5)
 s - a wand of flame (51)
Scrolls
 a - 3 scrolls of fog
 c - a scroll of enchant armour
 f - 5 scrolls of teleportation
 j - 4 scrolls of vulnerability
 n - 5 scrolls of fear
 p - 5 scrolls of silence
 A - 3 scrolls of poison
 L - 2 scrolls of immolation {unknown}
 P - 2 scrolls of butterflies {unknown}
 Z - a scroll of noise {unknown}
Potions
 g - 2 potions of degeneration {unknown}
 l - 3 potions of cancellation {unknown}
 m - a potion of berserk rage {unknown}
 q - 3 potions of flight {unknown}
 v - 5 potions of heal wounds {unknown}
 z - a potion of magic {unknown}
 E - 6 potions of lignification {unknown}
 F - 6 potions of curing {unknown}
 Q - a potion of brilliance {unknown}
 U - a potion of haste
 V - 3 potions of invisibility {unknown}
Miscellaneous
 x - a lightning rod (4/4)


   Skills:
 - Level 4.4 Fighting
 - Level 16.3 Long Blades
 - Level 0.8 Throwing
 - Level 2.0 Armour
 - Level 9.0 Dodging
 + Level 13.0 Spellcasting
 - Level 3.0 Translocations
 - Level 0.2 Air Magic


You had 30 spell levels left.
You knew the following spells:

 Your Spells              Type           Power      Damage    Failure   Level
a - Blink                 Tloc           32%        N/A       2%          2
b - Vhi's Electric Charg  Tloc/Air       24%        N/A       10%         3
c - Manifold Assault      Tloc           16%        N/A       17%         4

Your spell library contained the following spells:

 Spells                   Type           Power      Damage    Failure   Level
 Apportation              Tloc           32%        N/A       1%          1
 Lesser Beckoning         Tloc           32%        N/A       2%          2
 Momentum Strike          Conj/Tloc      24%        3d8       4%          2
 Teleport Other           Tloc           16%        N/A       5%          3
 Magic Dart               Conj           32%        1d4       6%          1
 Searing Ray              Conj           16%        2d5       9%          2
 Hailstorm                Conj/Ice       8%         3d4       17%         3
 Animate Armour           Summ/Erth      16%        N/A       50%         4
 Fulminant Prism          Conj/Hex       4%         3d5       50%         4
 Ice Form                 Ice/Tmut       8%         N/A       50%         4
 Summon Ice Beast         Ice/Summ       8%         N/A       50%         4
 Alistair's Intoxication  Tmut/Pois      5%         N/A       82%         5
 Blade Hands              Tmut           4%         N/A       82%         5
 Summon Mana Viper        Hex/Summ       8%         N/A       82%         5
 Iron Shot                Conj/Erth      4%         9d2       100%        6
 Simulacrum               Ice/Necr       4%         N/A       100%        6
 Monstrous Menagerie      Summ           4%         N/A       100%        7


Dungeon Overview and Level Annotations

Branches:
Dungeon (11/15)            Temple (1/1) D:5            Lair (5/5) D:8
 Shoals (1/4) Lair:3        Snake (0/4) Lair:3        Slime (0/5) Lair:4
Volcano (visited)
    Orc: D:9-12

Altars:
Ashenzari
Cheibriados
Dithmenos
Elyvilon
Fedhas
Gozag
Hepliaklqana
Kikubaaqudgha
Makhleb
Nemelex Xobeh
Okawaru
Qazlal
Ru
Sif Muna
Trog
Uskayaw
Vehumet
Wu Jian
Xom
Yredelemnul
Zin
The Shining One
Jiyva

Shops:
D:10 ?

Annotations:
D:2 1 runed translucent door, Crazy Yiuf
D:5 3 runed translucent doors, Leeroy's ghost, novice VSWr
Lair:4 exclusion: oklob plant
Lair:5 1 runed translucent door


Innate Abilities, Weirdness & Mutations

You have razor-sharp teeth.
Your natural rate of healing is unusually fast.
When hurt, damage is shared between your health and your magic reserves.
Your bite disrupts and absorbs the magic of your enemies.
Potions cannot restore your health.


Message History

You break out of your daze!
You kill the merfolk siren!
You see here a +0 trident.
You enter the shallow water.
Moving in this stuff is going to be slow.
There is a staircase back to the Lair here.
You can no longer pass through a line of other dancers.
A faun comes into view. It is wielding a +0 spear.
Found a scroll of amnesia.
You see here 9 gold pieces.
You now have 729 gold pieces (gained 9).
The faun shouts!
You hear a shout!
A faun comes into view. It is wielding a +0 club.
The faun unwields a +0 spear.
The faun wields a +0 sling.
The faun shoots a sling bullet.
The sling bullet closely misses you.
The faun shouts!
You hear a shout! 2 fauns and a manticore come into view.
The faun shouts!
The faun shoots a sling bullet.
The sling bullet hits you!!
The faun unwields a +0 quarterstaff.
The faun wields a +4 antimagic sling.
The faun shoots a sling bullet.
The sling bullet hits you!
You feel your power leaking away.
The faun points at you and mumbles some strange words.
You resist with almost no effort.
The faun gestures at you while chanting.
Your willpower is stripped away!
The faun shoots a sling bullet.
The sling bullet hits you!
The faun unwields a +0 club.
The faun wields a +0 sling.
The faun shoots a sling bullet.
The sling bullet barely misses you.
The faun shoots a sling bullet.
The sling bullet hits you!
You feel your power leaking away.
A merfolk comes into view.
It is wielding a +0 trident and quivering boomerangs of dispersal.
The faun shoots a sling bullet.
The sling bullet completely misses you.
The faun shoots a sling bullet.
The sling bullet hits you!!
* * * LOW HITPOINT WARNING * * *
You feel your power leaking away.
The faun shoots a sling bullet.
The sling bullet completely misses you.
The faun unwields a +0 club.
The faun wields a +0 sling.
The faun shoots a sling bullet.
The sling bullet hits you!!
You die...

~~~~~~~)~.......
~~≈~~~~~~........
≈≈≈~~~.<.........
≈≈~~~~...........
≈~~~~............
≈~~~..##.........
≈~~..# #.?.......
≈~~~. #.........
≈≈~~> ##@.......
≈≈~~ #....###..
~~~~~.......#
~~~.........~
~~~.##.c~~~~~~~
~~~# #~~c~.~~..
~~~ .~~..c.~~~ ~~
~c~....H~~
~~~~~~...~m


You could see 4 fauns and a manticore.

Vanquished Creatures
  Gastronok (Lair:2)
  A hydra (Lair:3)
  A catoblepas (Lair:2)
  A two-headed ogre (D:10)
  4 death yaks (Lair:5)
  Pikel (D:7)
  2 lindwurms (Lair:5)
  A swamp dragon (Lair:5)
  A cyclops (D:10)
  A merfolk siren (Shoals:1)
  16 elephants
  A molten gargoyle (Volcano)
  8 black mambas
  5 torpor snails
  10 cane toads
  2 efreet (Volcano)
  2 kobold demonologists (D:8)
  6 rime drakes
  10 komodo dragons
  2 trolls (D:10)
  Grinder (D:5)
  4 polar bears
  3 tyrant leeches (Lair:5)
  7 dream sheep (Lair:3)
  8 hornets
  8 blink frogs
  A spriggan (D:8)
  A shadow (D:10)
  3 wyverns
  36 yaks
  A fire elemental (Volcano)
  4 basilisks
  2 vampire mosquitoes (D:10)
  4 steam dragons
  2 nagas (Lair:3)
  Menkaure (D:5)
  10 water moccasins
  3 acid dragons (Lair:5)
  2 swamp drakes (Lair:5)
  6 orc warriors
  2 ice beasts (D:8)
  3 ogres
  15 wolves
  5 centaurs
  4 kobold brigands
  8 bullfrogs
  2 scorpions
  7 wights
  An electric eel (Lair:4)
  2 howler monkeys
  A gnoll bouda (D:5)
  A jelly (D:5)
  5 orc priests
  2 hounds (D:5)
  4 iguanas
  11 orc wizards
  11 adders
  5 gnolls
  3 shadow imps
  2 white imps
  An ufetubus (D:4)
  2 worms (D:2)
  8 dart slugs
  31 orcs
  3 endoplasms (D:1)
  5 giant cockroaches
  8 goblins
  5 hobgoblins
  8 jackals
  3 quokkas
  5 ball pythons
  6 bats
  4 frilled lizards
  21 kobolds
  6 rats
393 creatures vanquished.

Vanquished Creatures (others)
  An earth elemental (Volcano)
  9 fungi
  27 plants
37 creatures vanquished.

Grand Total: 430 creatures vanquished

Notes
Turn   | Place    | Note
-------+----------+-------------------------------------------
     0 | D:1      | Leeroy the Vine Stalker Warper began the quest for the Orb.
     0 | D:1      | Reached XP level 1. HP: 11/11 MP: 4/4
    41 | D:1      | Reached skill level 2 in Long Blades
   193 | D:1      | Reached XP level 2. HP: 14/15 MP: 4/6
   533 | D:1      | Reached skill level 3 in Long Blades
   631 | D:1      | Reached XP level 3. HP: 18/18 MP: 7/7
  1186 | D:2      | Gained mutation: Your natural rate of healing is unusually
                  | fast. [Vine Stalker growth]
  1186 | D:2      | Reached XP level 4. HP: 12/23 MP: 4/8
  1369 | D:2      | Reached skill level 4 in Long Blades
  1623 | D:2      | Found a runed translucent door.
  1624 | D:2      | Noticed Crazy Yiuf
  2005 | D:3      | Found an ornate altar of the Wu Jian Council.
  2052 | D:3      | Reached XP level 5. HP: 26/26 MP: 9/9
  2311 | D:3      | Reached skill level 5 in Long Blades
  2381 | D:3      | Found a faded altar of an unknown god.
  2490 | D:3      | Found a shadowy altar of Dithmenos.
  2806 | D:4      | Learned a level 2 spell: Blink
  2810 | D:4      | Learned a level 3 spell: Vhi's Electric Charge
  2928 | D:4      | Reached XP level 6. HP: 21/30 MP: 1/10
  3180 | D:4      | Reached skill level 6 in Long Blades
  3204 | D:4      | Learned a level 4 spell: Manifold Assault
  3533 | D:5      | Entered Level 5 of the Dungeon
  3811 | D:5      | Found a runed translucent gate.
  3820 | D:5      | Reached XP level 7. HP: 34/34 MP: 8/11
  3844 | D:5      | Found a runed translucent gate.
  3844 | D:5      | Found a runed translucent gate.
  3844 | D:5      | Noticed Leeroy's ghost (novice VSWr)
  3844 | D:5      | Noticed a yak
  3879 | D:5      | Noticed Menkaure
  3885 | D:5      | Killed Menkaure
  3886 | D:5      | Reached skill level 7 in Long Blades
  3957 | D:5      | Identified the +1 ring mail "Zoteuc Waruh" {Will+ Stlth+}
  4032 | D:5      | Found a hide-covered altar of Uskayaw.
  4040 | D:5      | Became a worshipper of Uskayaw the Reveller
  4075 | D:5      | Found a hazy altar of Hepliaklqana.
  4078 | D:5      | Found a hide-covered altar of Uskayaw.
  4078 | D:5      | Found an ornate altar of the Wu Jian Council.
  4083 | D:5      | Reached * piety under Uskayaw
  4084 | D:5      | Found a basalt altar of Yredelemnul.
  4084 | D:5      | Found a burning altar of Makhleb.
  4084 | D:5      | Found a shimmering altar of Xom.
  4197 | D:5      | Noticed Grinder
  4205 | D:5      | Reached ** piety under Uskayaw
  4211 | D:5      | Reached *** piety under Uskayaw
  4212 | D:5      | Killed Grinder
  4213 | D:5      | Reached skill level 8 in Long Blades
  4213 | D:5      | Gained mutation: You have razor-sharp teeth. [Vine Stalker
                  | growth]
  4213 | D:5      | Reached XP level 8. HP: 32/38 MP: 9/12
  4242 | D:5      | Found a staircase to the Ecumenical Temple.
  4674 | Temple   | Entered the Ecumenical Temple
  5057 | D:5      | Reached skill level 9 in Long Blades
  5075 | D:5      | Reached **** piety under Uskayaw
  5166 | D:6      | Reached ***** piety under Uskayaw
  5265 | D:6      | Found a stormy altar of Qazlal.
  5411 | D:5      | Reached skill level 10 in Long Blades
  5466 | D:6      | Reached XP level 9. HP: 42/42 MP: 13/13
  6037 | D:7      | Reached skill level 5 in Dodging
  6052 | D:7      | Noticed Pikel
  6086 | D:7      | Killed Pikel
  6557 | D:8      | Noticed a kobold demonologist
  6558 | D:8      | Noticed a kobold demonologist
  6570 | D:8      | Killed a kobold demonologist
  6590 | D:8      | Noticed a hellwing
  6592 | D:8      | Killed a kobold demonologist
  6593 | D:8      | Reached XP level 10. HP: 46/46 MP: 14/14
  6782 | D:8      | Found a staircase to the Lair.
  7004 | D:8      | Reached skill level 1 in Armour
  7070 | D:8      | Found a burning altar of Makhleb.
  7920 | D:9      | Found an iron altar of Okawaru.
  7920 | D:9      | Found a shimmering blue altar of Sif Muna.
  8423 | D:10     | Entered Level 10 of the Dungeon
  8634 | D:10     | Found Faoxuroc's Magic Scroll Boutique.
  8642 | D:10     | Bought 2 scrolls of identify for 56 gold pieces
  8642 | D:10     | Bought a scroll of identify for 28 gold pieces
  8642 | D:10     | Bought a scroll of enchant weapon for 105 gold pieces
  8642 | D:10     | Bought a scroll of poison for 56 gold pieces
  8647 | D:10     | Identified a scroll of acquirement
  8649 | D:10     | Acquired a +3 double sword of electrocution
  8658 | D:10     | Noticed a two-headed ogre
  8660 | D:10     | Noticed a cyclops
  8676 | D:10     | Killed a cyclops
  8677 | D:10     | Reached XP level 11. HP: 37/54 MP: 13/15
  8681 | D:10     | Reached skill level 11 in Long Blades
  8690 | D:10     | Reached ****** piety under Uskayaw
  8710 | D:10     | Killed a two-headed ogre
  8781 | D:10     | Identified the +0 leather armour "Ytsuha" {rF+}
  8951 | D:10     | Reached skill level 12 in Long Blades
  9577 | Lair:1   | Entered Level 1 of the Lair of Beasts
  9577 | Lair:1   | Found a shimmering blue altar of Sif Muna.
  9778 | Lair:1   | Reached skill level 13 in Long Blades
 10051 | Lair:1   | Reached XP level 12. HP: 51/58 MP: 5/16
 10115 | Lair:1   | Reached skill level 14 in Long Blades
 10536 | Lair:2   | Noticed a catoblepas
 10563 | Lair:2   | Killed a catoblepas
 10756 | Lair:2   | Reached skill level 15 in Long Blades
 11121 | Lair:2   | Noticed Gastronok
 11133 | Lair:2   | Killed Gastronok
 11134 | Lair:2   | Reached skill level 16 in Long Blades
 11307 | Lair:3   | Found a staircase to the Snake Pit.
 11406 | Lair:3   | Reached XP level 13. HP: 63/63 MP: 16/18
 11692 | Lair:3   | Reached skill level 5 in Spellcasting
 12014 | Lair:3   | Found a staircase to the Shoals.
 12996 | Lair:4   | Found a viscous altar of Jiyva.
 12996 | Lair:4   | Found a staircase to the Slime Pits.
 13527 | Lair:5   | Entered Level 5 of the Lair of Beasts
 13602 | Lair:5   | Found a dark tunnel.
 13606 | Volcano  | Entered a volcano
 14090 | Lair:5   | Identified the ring "Anunwuw" {rElec rN+ Will- Str+6}
 14465 | Lair:5   | Reached skill level 10 in Spellcasting
 14659 | Lair:5   | Reached XP level 14. HP: 67/67 MP: 30/30
 15386 | Lair:5   | Found a runed translucent door.
 16670 | Shoals:1 | Entered Level 1 of the Shoals
 16689 | Shoals:1 | Shot with a sling bullet by a faun

Illustrated notes

Levels and vault maps discovered:
D:1:      wheals_arrival_linesprint, layout_basic
D:2:      layout_rooms, nicolae_concentric_dashed_squares_mild,
          minmay_pentomino_s4, uniq_crazy_yiuf_cottage
D:3:      layout_basic, pdpol_wu_jian_five_deadly_venoms,
          grunt_dithmenos_smoke_and_mirrors,
          dreamdust_ecumenical_altar_angels_and_demons
D:4:      cheibrodos_quashed, layout_basic, serial_glass, glass_columns_a,
          glass_columns_a, glass_columns_a, glass_columns_b
D:5:      layout_loops_ring, lemuel_coloured_pillars_altar, doesnt_xom_only_xom,
          minmay_temple_entry_statues_pillars, gammafunk_ghost_split,
          uniq_menkaure, uniq_grinder
D:6:      layout_rooms, grunt_qazlal_sundering
D:7:      layout_basic, uniq_pikel
D:8:      layout_basic, lemuel_doored_altar, hellmonk_lair_entry_icy,
          the_hattery
D:9:      layout_irregular_city, amethyst_overflow_temple_binary,
          kennysheep_generic_room_9
D:10:     kennysheep_ambush_hall, layout_small_grid, serial_shops, shop,
          nicolae_nh_ransacked_shop
D:11:     layout_basic, erik_orc_1, enter_trove_3, minmay_statue_bubble
Temple:   eino_narrow_crystal_temple
Lair:1:   layout_roguey, basic_altar, serial_bayou_shore_b, grunt_megastairs_3
Lair:2:   layout_loops_ring, uniq_gastronok
Lair:3:   layout_layer_cave, elwin_shoals_entry_rocks,
          guppyfry_snake_entry_island
Lair:4:   layout_gridlike, slime_entry_1, st_stairs_11, minmay_lair_oklob_items,
          dreamdust_mushroom_princess, infiniplex_staircase_pool
Lair:5:   wormcave, layout_cave_pods, guppyfry_lair_end_dragon,
          nicolae_volcano_entry_lava_flow, grunt_megastairs_1,
          infiniplex_staircase_pool_2
Shoals:1: layout_shoals, nicolae_shoals_stone_sculpture_thing

Skill      XL: |  1  2  3  4  5  6  7  8  9 10 11 12 13 14 |
---------------+-------------------------------------------+-----
Long Blades    | 2 3 4 5 6 8 10 13 16 | 16.3
Dodging        | 7 9 |  9.0
Armour         | 2 |  2.0
Fighting       | 4 |  4.4
Spellcasting   | 11 13 | 13.0
Throwing       | |  0.8
Translocations | |  3.0
Air Magic      | |  0.2

Action                     |  1- 3 |  4- 6 |  7- 9 | 10-12 | 13-15 || total
---------------------------+-------+-------+-------+-------+-------++-------
  Melee: Falchion          |    81 |   270 |   112 |       |       ||   463
         Bite              |    21 |    76 |   124 |   221 |   151 ||   593
         Punch             |       |     3 |     5 |     4 |    11 ||    23
         Dagger            |       |       |   215 |   250 |       ||   465
         Long sword        |       |       |       |    41 |       ||    41
         Double sword      |       |       |       |   286 |   421 ||   707
  Throw: Dart              |       |       |     2 |     3 |       ||     5
         Throwing net      |       |       |       |       |     2 ||     2
         Javelin           |       |       |       |       |     4 ||     4
         Boomerang         |       |       |       |       |     1 ||     1
   Cast: Vhi's Electric Ch |       |       |     1 |     9 |    16 ||    26
         Blink             |       |       |       |     2 |     4 ||     6
  Evoke: Wand              |       |       |       |    12 |       ||    12
         Lightning rod     |       |       |       |       |     4 ||     4
    Use: Scroll            |       |       |       |    10 |    13 ||    23
   Stab: Sleeping          |     1 |     3 |     1 |     1 |     2 ||     8
         Paralysed         |       |       |     9 |    27 |    20 ||    56
 Armour: Leather armour    |    19 |    65 |     2 |       |     7 ||    93
         Ring mail         |       |       |    74 |   109 |    90 ||   273
  Dodge: Dodged            |    41 |   150 |   141 |   258 |   206 ||   796

Table legend: (Time is in decaauts)
 A = Elapsed time spent in this place.
 B = Non-inter-level travel time spent in this place.
 C = Inter-level travel time spent in this place.
 D = Time resting spent in this place.
 E = Time spent auto-exploring this place.
 F = Levels seen in this place.
 G = Mean time per level.
                   A        B        C        D        E       F      G
               +--------+--------+--------+--------+--------+-----+--------+
         Total |  16339 |  15500 |    839 |   1496 |  10676 |  19 |  859.9 |
       Dungeon |   9119 |   8576 |    543 |    405 |   6306 |  11 |  829.0 |
        Temple |    173 |    161 |     12 |      0 |    154 |   1 |  173.0 |
          Lair |   6778 |   6494 |    284 |    895 |   4210 |   5 | 1355.6 |
        Shoals |     18 |     18 |      0 |      0 |      0 |   1 |   18.0 |
       Volcano |    249 |    249 |      0 |    196 |      6 |   1 |  249.0 |
               +--------+--------+--------+--------+--------+-----+--------+

Top non-repeatable levels by time:
  Lair:5: 2802 daAuts
  Lair:3: 1364 daAuts
     D:5: 1185 daAuts
     D:1: 1032 daAuts
     D:8: 1008 daAuts
    D:10: 990 daAuts
     D:4: 980 daAuts
  Lair:4: 910 daAuts
  Lair:1: 906 daAuts
     D:3: 897 daAuts
     D:9: 824 daAuts
     D:2: 818 daAuts
  Lair:2: 794 daAuts
     D:6: 686 daAuts
     D:7: 594 daAuts
